[Event "Titled Tuesday Blitz May 10 Late 2022"]
[White "Kanyamarala, Trisha"]
[Black "Janaszak, Dawid"]
[WhiteFideId "45004722"]
[BlackFideId "1119206"]
[WhiteElo "2134"]
[BlackElo "2199"]
[Result "0-1"]
[Round "01"]
[TimeControl "180+1"]
[Date "2022.05.11"]
[WhiteClock "0:00:02"]
[BlackClock "0:01:09"]

1. b3 c5 2. Bb2 d6 3. g3 e5 4. Bg2 Nf6 5. d3 Be7 6. Nf3 O-O 7. O-O Nc6 8. c4 Bf5 9. Nc3 Qd7 10. Re1 Bh3 11. Bh1 Qg4 12. a3 Qh5 13. Nd5 Ng4 14. b4 Rae8 15. b5 Nd8 16. Nc7 Ne6 17. Nxe8 Rxe8 18. e3 f5 19. Nd2 Bf6 20. f3 Nxh2 21. Kxh2 f4 22. Kg1 fxg3 23. Qe2 Ng5 24. Ne4 g2 25. Bxg2 Bxg2 26. Nxg5 Qh1+ 27. Kf2 Qh2 28. Rg1 Bh3+ 29. Ke1 Qxg1+ 30. Kd2 Qxg5 31. Rh1 Bf5 32. Qh2 Bg6 33. Rg1 Qf5 34. e4 Qf4+ 35. Qxf4 exf4 36. Bxf6 gxf6 37. Kc3 Kg7 38. d4 b6 39. a4 h5 40. Rd1 h4 41. dxc5 dxc5 42. Rd7+ Kg8 43. Rxa7 h3 44. Rd7 Bh5 45. Rd1 Bxf3 46. Rg1+ Bg2 47. Kd2 f3 48. a5 bxa5 49. Ke3 h2 0-1


[Site "https://www.chess.com"]

[Event "Titled Tuesday Blitz May 10 Late 2022"]
[White "Karas, Marek"]
[Black "Dimakiling, Oliver"]
[WhiteFideId "14928558"]
[BlackFideId "5202248"]
[WhiteElo "2271"]
[BlackElo "2426"]
[Result "0-1"]
[Round "01"]
[TimeControl "180+1"]
[Date "2022.05.11"]
[WhiteClock "0:00:17"]
[BlackClock "0:01:59"]

1. d4 Nf6 2. Bf4 d6 3. Nc3 c6 4. e4 Qb6 5. Rb1 Nbd7 6. Nf3 e6 7. Bd3 Be7 8. O-O Qc7 9. h3 e5 10. Bh2 O-O 11. Ne2 Re8 12. c4 Bf8 13. c5 exd4 14. cxd6 Bxd6 15. Nexd4 Bxh2+ 16. Nxh2 Nxe4 17. Re1 Ndf6 18. Qc2 Nd6 19. Rxe8+ Ndxe8 20. Re1 Bd7 21. Re7 Qd6 22. Rxd7 Qxd7 23. Nhf3 Rd8 24. Be2 g6 25. Nb3 b6 26. a4 c5 27. Bb5 Qd1+ 28. Qxd1 Rxd1+ 29. Kh2 Nd6 30. Ba6 Nfe4 31. Ne5 Nxf2 32. Nc6 Nf5 33. g4 Ne3 34. Nxa7 Ne4 35. Nc8 Rb1 36. Bd3 Rxb2+ 37. Kg1 Ng3 0-1


[Site "https://www.chess.com"]

[Event "Titled Tuesday Blitz May 10 Late 2022"]
[White "Kazakouski, Valery"]
[Black "Koutlas, Nikolaos"]
[WhiteFideId "13507443"]
[BlackFideId "25827138"]
[WhiteElo "2524"]
[BlackElo "1645"]
[Result "1-0"]
[Round "01"]
[TimeControl "180+1"]
[Date "2022.05.11"]
[WhiteClock "0:01:02"]
[BlackClock "0:00:09"]

1. d4 Nf6 2. c3 d5 3. Bf4 Bf5 4. Qb3 Qc8 5. e3 h6 6. Nd2 g5 7. Bg3 Bg7 8. Ngf3 O-O 9. Be2 Nbd7 10. O-O c5 11. c4 Be6 12. Rac1 dxc4 13. Bxc4 Bxc4 14. Nxc4 b6 15. Rfd1 Qa6 16. d5 Ne4 17. a4 h5 18. Be5 Nxe5 19. Nfxe5 Nd6 20. Nc6 Rae8 21. Nxe7+ Rxe7 22. Nxd6 f5 23. Nxf5 Rxf5 24. d6+ Ref7 25. d7 Bf6 26. d8=Q+ Bxd8 27. Rxd8+ Kh7 28. Qc3 R5f6 29. b3 Qe2 30. Qc2+ Qxc2 31. Rxc2 a6 32. f3 Re6 33. Kf2 Rf5 34. Rcd2 b5 35. axb5 axb5 36. R2d7+ Kg6 37. Rd6 Kf6 38. Rxe6+ Kxe6 39. Rb8 c4 40. bxc4 bxc4 41. Rc8 Ra5 42. Rxc4 Ra2+ 43. Kg3 h4+ 44. Kh3 Re2 45. Rc5 Kf6 46. e4 Rf2 47. Rf5+ Kg6 48. g3 hxg3 49. hxg3 Rf1 50. Kg4 Kh6 51. Rxg5 1-0


[Site "https://www.chess.com"]

[Event "Titled Tuesday Blitz May 10 Late 2022"]
[White "Khumalo, Keith"]
[Black "Kujawski, Adam"]
[WhiteFideId "14319470"]
[BlackFideId "1100920"]
[WhiteElo "2057"]
[BlackElo "1982"]
[Result "1-0"]
[Round "01"]
[TimeControl "180+1"]
[Date "2022.05.11"]
[WhiteClock "0:01:25"]
[BlackClock "0:00:01"]

1. Nf3 d5 2. e3 Nf6 3. b3 c5 4. Bb2 a6 5. c4 Nc6 6. cxd5 Nxd5 7. Be2 f6 8. d4 cxd4 9. Nxd4 e5 10. Nxc6 bxc6 11. O-O Be6 12. Nd2 Be7 13. Rc1 Nb4 14. a3 Nd3 15. Bxd3 Qxd3 16. Rxc6 Bd5 17. Rc3 Qg6 18. e4 Bxe4 19. Rg3 Qf5 20. Nxe4 Qxe4 21. Rxg7 Kf8 22. Rg4 Qf5 23. h3 Rd8 24. Qe2 h5 25. Rg3 Rd6 26. Rf3 Qg6 27. Qxe5 Rg8 28. g3 Rd2 29. Bc3 Rd3 30. Qe2 Rxf3 31. Qxf3 Kf7 32. Re1 Rd8 33. Re3 Rd6 34. Bb4 Re6 35. Qd5 Qb1+ 36. Kg2 1-0


[Site "https://www.chess.com"]

[Event "Titled Tuesday Blitz May 10 Late 2022"]
[White "Kim, Sergey"]
[Black "Moussard, Jules"]
[WhiteFideId "13700570"]
[BlackFideId "642908"]
[WhiteElo "2474"]
[BlackElo "2589"]
[Result "0-1"]
[Round "01"]
[TimeControl "180+1"]
[Date "2022.05.11"]
[WhiteClock "0:00:45"]
[BlackClock "0:01:07"]

1. d4 d5 2. c4 e6 3. Nc3 a6 4. cxd5 exd5 5. Nf3 Nf6 6. Bg5 Be6 7. e3 Nbd7 8. Bd3 h6 9. Bh4 g5 10. Bg3 Nh5 11. Qb3 Nxg3 12. hxg3 Rb8 13. Rc1 c6 14. a3 Bg7 15. Na4 O-O 16. Nc5 Nxc5 17. Rxc5 Qd6 18. Nxg5 Bxd4 19. exd4 hxg5 20. Qd1 Qe7 21. Kf1 Qf6 22. Qh5 Rfe8 23. Rc3 Kg7 24. Qh7+ Kf8 25. Rh6 Qxd4 26. Rxe6 Rxe6 0-1


[Site "https://www.chess.com"]

[Event "Titled Tuesday Blitz May 10 Late 2022"]
[White "Lazov, Toni"]
[Black "Keller, Peter"]
[WhiteFideId "15000770"]
[BlackFideId "1272105"]
[WhiteElo "2321"]
[BlackElo "2275"]
[Result "1-0"]
[Round "01"]
[TimeControl "180+1"]
[Date "2022.05.11"]
[WhiteClock "0:00:12"]
[BlackClock "0:00:15"]

1. e4 e5 2. Nf3 Nc6 3. Bc4 Nf6 4. d3 Bc5 5. c3 O-O 6. Nbd2 d5 7. exd5 Nxd5 8. Ne4 Be7 9. O-O a6 10. Re1 Bg4 11. h3 Bh5 12. Ng3 Bg6 13. Nxe5 Nxe5 14. Rxe5 Nb6 15. Be3 Nxc4 16. dxc4 Bd6 17. Rg5 h6 18. Rg4 Qe7 19. Qf3 Bxg3 20. Rxg3 c6 21. b4 Qe6 22. h4 h5 23. c5 Rad8 24. Bd4 Rfe8 25. a4 Qe7 26. Qf4 Qe4 27. Qg5 Rd5 28. Qe3 Qxe3 29. Rxe3 Rxe3 30. fxe3 Be4 31. Rf1 f5 32. Rf2 Kf7 33. Kh2 g6 34. Kg3 Ke6 35. Kf4 Rd7 36. Rb2 Bd3 37. Kg5 Kf7 38. Rf2 Be4 39. Kh6 Rd8 40. Rb2 Bd3 41. Kg5 Rd7 42. Kf4 Ke6 43. Be5 Kf7 44. Bd6 Ke6 45. Rf2 Be4 46. c4 Bd3 47. Kg5 Kf7 48. Rf4 Rd8 49. Rd4 Be4 50. g3 Rd7 51. Kf4 Rd8 52. b5 axb5 53. cxb5 cxb5 54. axb5 Rc8 55. Ke5 Re8+ 56. Kf4 Rc8 57. Ra4 Ke6 58. Ra7 Kd5 59. Kg5 Kc4 60. b6 Rg8 61. Ra4+ Kd3 62. Bf4 Ke2 63. Rd4 Kf3 64. Rd6 Rc8 65. Rxg6 Rh8 66. Rg7 Bc6 67. Kxf5 Be4+ 68. Ke5 Bc6 69. Kd6 Be4 70. Re7 Bc6 71. Kc7 Rg8 72. Re6 Rg7+ 73. Kb8 Bd5 74. Re5 Bc6 75. Rxh5 Rd7 76. Re5 Rd8+ 77. Ka7 Rd3 78. Re6 Ra3+ 79. Kb8 Rd3 80. Rxc6 bxc6 81. b7 Rb3 82. Kc7 Rxb7+ 83. Kxb7 1-0


[Site "https://www.chess.com"]

[Event "Titled Tuesday Blitz May 10 Late 2022"]
[White "Lewtak, Damian"]
[Black "Ramirez Vido, Robert Yorisan"]
[WhiteFideId "1141724"]
[BlackFideId "3513823"]
[WhiteElo "2362"]
[BlackElo "2347"]
[Result "1-0"]
[Round "01"]
[TimeControl "180+1"]
[Date "2022.05.11"]
[WhiteClock "0:01:10"]
[BlackClock "0:00:20"]

1. d4 g6 2. c4 Nf6 3. Nc3 Bg7 4. e4 d6 5. Nf3 O-O 6. Be2 Na6 7. Bg5 h6 8. Be3 e5 9. dxe5 dxe5 10. Qxd8 Rxd8 11. Nxe5 Nxe4 12. Nxe4 Bxe5 13. Nc3 Nb4 14. O-O Bxc3 15. bxc3 Nc2 16. Rad1 Rxd1 17. Rxd1 Be6 18. Bxh6 Na3 19. Bf4 c6 20. Rd4 Nb1 21. Bd2 Nxd2 22. Rxd2 Kf8 23. a3 Ke7 24. c5 Rd8 25. Rxd8 Kxd8 26. f4 Kc7 27. Kf2 b6 28. g4 bxc5 29. h4 Kb6 30. h5 gxh5 31. gxh5 Bf5 32. Ke3 f6 33. Bd3 Be6 34. h6 Bg8 35. Kd2 Ka5 36. Kc2 Ka4 37. Kb2 c4 38. Be4 Kb5 39. h7 Bxh7 40. Bxh7 Kc5 41. Bg8 1-0


[Site "https://www.chess.com"]

[Event "Titled Tuesday Blitz May 10 Late 2022"]
[White "Lohani, Sujana"]
[Black "Aggelis, Nikolaos"]
[WhiteFideId "12311987"]
[BlackFideId "4213220"]
[WhiteElo "1691"]
[BlackElo "2154"]
[Result "0-1"]
[Round "01"]
[TimeControl "180+1"]
[Date "2022.05.11"]
[WhiteClock "0:00:05"]
[BlackClock "0:01:54"]

1. e4 c5 2. Nf3 e6 3. d4 cxd4 4. Nxd4 Nf6 5. Nc3 Nc6 6. f3 d5 7. exd5 Nxd5 8. Bb5 Nxc3 9. bxc3 Bd7 10. O-O Bc5 11. Be3 O-O 12. Bf2 a6 13. Bxc6 Bxc6 14. Nxc6 Bxf2+ 15. Rxf2 bxc6 16. Rd2 Qf6 17. Rd3 Rab8 18. Rb1 Rb5 19. a4 Rc5 20. Qd2 h6 21. Rb6 a5 22. h3 Rc8 23. Kf2 Qh4+ 24. Kg1 Qxa4 25. Rd4 Qa1+ 26. Kh2 Rd5 27. Qd3 Qa3 28. Rb3 Qd6+ 29. Kg1 a4 30. Rb6 Ra8 31. Qc4 Qc5 32. Rxc6 Qxc4 33. Rcxc4 Rxd4 0-1


[Site "https://www.chess.com"]

[Event "Titled Tuesday Blitz May 10 Late 2022"]
[White "Lorenzo De La Riva, Lazaro"]
[Black "Gomez Ledo, Roberto Carlos"]
[WhiteFideId "2268809"]
[BlackFideId "3507076"]
[WhiteElo "2325"]
[BlackElo "2379"]
[Result "1-0"]
[Round "01"]
[TimeControl "180+1"]
[Date "2022.05.11"]
[WhiteClock "0:00:25"]
[BlackClock "0:00:03"]

1. d4 Nf6 2. c3 d5 3. Nf3 c5 4. e3 Qb6 5. Nbd2 g6 6. dxc5 Qxc5 7. Be2 Bg7 8. O-O O-O 9. a4 Qc7 10. c4 Nc6 11. Nd4 a6 12. Nxc6 bxc6 13. a5 Rd8 14. Qa4 Rb8 15. Bf3 Bf5 16. Re1 Bd3 17. Ra3 Bf5 18. b4 h5 19. h3 Ne4 20. Nxe4 dxe4 21. Be2 h4 22. c5 Bc8 23. Bc4 Qe5 24. Rb3 Qg5 25. Kf1 Qe5 26. Kg1 Bb7 27. Bb2 Qg5 28. Bxg7 Kxg7 29. Qa1+ e5 30. Rbb1 Rd7 31. Rbd1 Rbd8 32. Rxd7 Rxd7 33. Rd1 Re7 34. Rd6 Bc8 35. Kf1 Qf5 36. Qd1 g5 37. Qg4 Qxg4 38. hxg4 Bxg4 39. Rxc6 h3 40. gxh3 Bxh3+ 41. Ke1 Rd7 42. Rd6 Rb7 43. Rb6 Rd7 44. c6 Rc7 45. Bxa6 f5 46. Bb5 Kf6 47. a6 Ke7 48. Rb7 Kd6 49. a7 Rc8 50. Rb8 1-0


[Site "https://www.chess.com"]

[Event "Titled Tuesday Blitz May 10 Late 2022"]
[White "Maghsoodloo, Parham"]
[Black "Lehtosaari, Mauri"]
[WhiteFideId "12539929"]
[BlackFideId "501999"]
[WhiteElo "2630"]
[BlackElo "2512"]
[Result "1-0"]
[Round "01"]
[TimeControl "180+1"]
[Date "2022.05.10"]
[WhiteClock "0:02:26"]
[BlackClock "0:01:24"]

1. e4 d5 2. exd5 Qxd5 3. Nc3 Qe5+ 4. Nge2 Bg4 5. d4 Qa5 6. f3 Bh5 7. Bd2 c6 8. d5 Nf6 9. Nf4 Qb6 10. Bc4 Nbd7 11. Qe2 O-O-O 12. O-O-O g5 13. Nxh5 Nxh5 14. dxc6 Qxc6 15. Bxf7 Nhf6 16. Bxg5 Bg7 17. Qxe7 Nb6 18. Be6+ Nbd7 19. Rd6 1-0


[Site "https://www.chess.com"]

[Event "Titled Tuesday Blitz May 10 Late 2022"]
[White "Maksimovic, Bojan"]
[Black "Manukian, Artak"]
[WhiteFideId "14408120"]
[BlackFideId "13301373"]
[WhiteElo "2448"]
[BlackElo "2403"]
[Result "1-0"]
[Round "01"]
[TimeControl "180+1"]
[Date "2022.05.11"]
[WhiteClock "0:00:37"]
[BlackClock "0:00:02"]

1. c4 g6 2. d4 Bg7 3. e4 d6 4. Nc3 Nf6 5. Nf3 O-O 6. Be2 e5 7. d5 Na6 8. Be3 Ng4 9. Bg5 f6 10. Bh4 h5 11. Nd2 Nh6 12. f3 g5 13. Bf2 h4 14. g3 h3 15. g4 Kf7 16. Nf1 Rh8 17. Ng3 Ng8 18. O-O Ne7 19. Re1 Ng6 20. Bf1 Nf4 21. a3 Bf8 22. b4 b6 23. Qd2 Nb8 24. c5 Nd7 25. c6 Nb8 26. a4 a5 27. b5 Rh7 28. Be3 Be7 29. Reb1 Ng6 30. Kf2 Kg8 31. Ke1 Nh4 32. Qf2 Qf8 33. Kd1 Kh8 34. Kc2 Ng6 35. Kb3 Nf4 36. Rb2 Qh6 37. Rd2 Kg8 38. Raa2 Kh8 39. Kb2 Kg8 40. Ka1 Kh8 41. Bxf4 gxf4 42. Nh5 Qg5 43. Bxh3 Rxh5 44. Bf1 Rh4 45. h3 Qh6 46. Qe1 Rxh3 47. Bxh3 Kg7 48. Rh2 Qh4 49. Qxh4 f5 50. g5 fxe4 51. Bxc8 1-0


[Site "https://www.chess.com"]

[Event "Titled Tuesday Blitz May 10 Late 2022"]
[White "Malka, Samuel"]
[Black "Piliczewski, Bogusz"]
[WhiteFideId "20643675"]
[BlackFideId "1104144"]
[WhiteElo "2559"]
[BlackElo "1896"]
[Result "1-0"]
[Round "01"]
[TimeControl "180+1"]
[Date "2022.05.11"]
[WhiteClock "0:00:20"]
[BlackClock "0:00:03"]

1. b3 d5 2. Bb2 Nf6 3. Nf3 Bf5 4. e3 e6 5. c4 h6 6. Nc3 c6 7. d4 Be7 8. Bd3 Ne4 9. Bxe4 dxe4 10. Nd2 Bb4 11. O-O Bxc3 12. Bxc3 Qg5 13. Qe2 O-O 14. b4 Nd7 15. a4 Qg6 16. Kh1 Rfe8 17. a5 a6 18. Nb3 Rad8 19. h3 Qf6 20. f3 Qe7 21. f4 Bh7 22. Nc5 Nxc5 23. bxc5 f5 24. Be1 Rd7 25. Rb1 Kh8 26. Rb3 g5 27. Qh5 Qf8 28. Bg3 Rg7 29. fxg5 Rxg5 30. Be5+ Kg8 31. Qh4 1-0


[Site "https://www.chess.com"]

[Event "Titled Tuesday Blitz May 10 Late 2022"]
[White "Mangialardo, Tiago Carvalho"]
[Black "Gurevich, Dmitry"]
[WhiteFideId "2130718"]
[BlackFideId "2000407"]
[WhiteElo "2127"]
[BlackElo "2506"]
[Result "0-1"]
[Round "01"]
[TimeControl "180+1"]
[Date "2022.05.11"]
[WhiteClock "0:00:08"]
[BlackClock "0:01:11"]

1. e4 c5 2. Nf3 d6 3. d4 cxd4 4. Nxd4 Nf6 5. Nc3 Nc6 6. Be3 Ng4 7. Qf3 Nxe3 8. Qxe3 g6 9. Bb5 Bd7 10. h4 Bg7 11. Nxc6 bxc6 12. Bc4 Qb6 13. Qxb6 axb6 14. Kd2 b5 15. Bb3 e6 16. a3 Ke7 17. Rab1 c5 18. Ne2 c4 19. Ba2 Bc6 20. f3 d5 21. exd5 exd5 22. c3 Kd6 23. Rbd1 Rhe8 24. Rhe1 b4 25. cxb4 Bxb2 26. Kc2 Bxa3 27. Nc3 Bxb4 28. Rxe8 Rxe8 29. Bxc4 Bxc3 30. Kxc3 Kc5 31. Bb3 Re3+ 32. Kd2 Rxb3 33. Rc1+ Kd6 0-1


[Site "https://www.chess.com"]

[Event "Titled Tuesday Blitz May 10 Late 2022"]
[White "Marin Masis, Jose Esteban"]
[Black "Jacobson, Aaron"]
[WhiteFideId "6508146"]
[BlackFideId "2089912"]
[WhiteElo "1710"]
[BlackElo "2265"]
[Result "0-1"]
[Round "01"]
[TimeControl "180+1"]
[Date "2022.05.11"]
[WhiteClock "0:00:03"]
[BlackClock "0:00:53"]

1. e4 f5 2. exf5 Nf6 3. Nf3 d5 4. d4 Bxf5 5. Nc3 e6 6. Bd3 Bd6 7. O-O O-O 8. Re1 c5 9. Bg5 Nc6 10. dxc5 Bxc5 11. Bxf5 exf5 12. Bxf6 Rxf6 13. Qxd5+ Qxd5 14. Nxd5 Rd6 15. Rad1 Kf7 16. h4 h6 17. c4 a6 18. g3 b5 19. Nc7 Rxd1 20. Rxd1 Ra7 21. Nxa6 Rxa6 22. cxb5 Rxa2 23. bxc6 Rxb2 24. Ne5+ Ke6 25. Nd3 Rc2 26. Rc1 Bxf2+ 27. Kf1 Rxc1+ 28. Nxc1 Bxg3 29. Ne2 Be5 30. Kg2 Kd6 31. Kf3 Kxc6 32. Ng1 Kd6 33. Nh3 Ke6 34. Nf2 g5 35. h5 Bd4 36. Nd3 g4+ 37. Kg3 Be5+ 38. Kg2 f4 39. Nc5+ Kf5 40. Nd7 f3+ 41. Kf2 Kf4 42. Nf8 g3+ 43. Kf1 g2+ 44. Kg1 Kg3 0-1


[Site "https://www.chess.com"]

[Event "Titled Tuesday Blitz May 10 Late 2022"]
[White "Marin Ramirez, Gerardo"]
[Black "Wagner, Dinara"]
[WhiteFideId "3901068"]
[BlackFideId "24157570"]
[WhiteElo "1920"]
[BlackElo "2216"]
[Result "0-1"]
[Round "01"]
[TimeControl "180+1"]
[Date "2022.05.11"]
[WhiteClock "0:00:22"]
[BlackClock "0:00:38"]

1. d4 Nf6 2. Nf3 d5 3. c4 e6 4. Nc3 dxc4 5. e3 a6 6. Bxc4 b5 7. Be2 Bb7 8. O-O Nbd7 9. Qc2 c5 10. dxc5 Bxc5 11. Rd1 O-O 12. a3 Rc8 13. b4 Be7 14. Bb2 Qb6 15. Rac1 Nd5 16. Nd2 N7f6 17. Qb1 Nxe3 18. fxe3 Qxe3+ 19. Kh1 Rxc3 20. Rxc3 Qxe2 21. Nf3 Ne4 22. Re1 Nxc3 23. Bxc3 Qc4 24. Be5 Qg4 25. Qb3 Bd5 26. Qe3 f6 27. Bd4 Rc8 28. Bc5 Bxc5 29. bxc5 Qc4 30. Rc1 Qe4 31. Qf2 Qf4 32. Rc3 Bc4 33. h3 Qf5 34. Qg3 Qxc5 35. Rc1 Qxa3 36. Rd1 Bd5 37. Nd4 Qxg3 0-1


[Site "https://www.chess.com"]

[Event "Titled Tuesday Blitz May 10 Late 2022"]
[White "Martinez Alcantara, Jose Eduardo"]
[Black "Krstulovic, Alex"]
[WhiteFideId "3805662"]
[BlackFideId "760056"]
[WhiteElo "2690"]
[BlackElo "2193"]
[Result "1-0"]
[Round "01"]
[TimeControl "180+1"]
[Date "2022.05.10"]
[WhiteClock "0:01:13"]
[BlackClock "0:00:07"]

1. e4 c5 2. Nf3 e6 3. c3 Nf6 4. Bd3 Nc6 5. O-O d5 6. e5 Nd7 7. Bb5 Qc7 8. d4 a6 9. Bd3 b5 10. a3 Be7 11. Be3 Rb8 12. Nbd2 c4 13. Bc2 a5 14. Ng5 h6 15. Qh5 Nd8 16. Nxf7 Nxf7 17. Bg6 Rf8 18. f4 Nb6 19. g4 Na4 20. f5 Nxb2 21. f6 gxf6 22. Bxh6 f5 23. gxf5 Rh8 24. Bxf7+ Kd8 25. Qg6 b4 26. axb4 axb4 27. f6 Bf8 28. Bg7 bxc3 29. Nf3 Nd3 30. Bxh8 1-0


[Site "https://www.chess.com"]

[Event "Titled Tuesday Blitz May 10 Late 2022"]
[White "Mekhane, Adam"]
[Black "Daggupati, Balaji"]
[WhiteFideId "36050601"]
[BlackFideId "2090759"]
[WhiteElo "2002"]
[BlackElo "2636"]
[Result "0-1"]
[Round "01"]
[TimeControl "180+1"]
[Date "2022.05.11"]
[WhiteClock "0:00:17"]
[BlackClock "0:01:11"]

1. e4 c5 2. Nf3 e6 3. d4 cxd4 4. Nxd4 Nf6 5. Nc3 Nc6 6. Nxc6 bxc6 7. e5 Nd5 8. Ne4 Qc7 9. f4 Qb6 10. c4 Ne3 11. Qd3 Nf5 12. b3 Be7 13. Be2 Bb7 14. Bb2 Ne3 15. Bf3 O-O 16. Ke2 Nf5 17. g3 Rfd8 18. Rhd1 a5 19. g4 Nh4 20. Bh1 a4 21. Bd4 c5 22. Be3 Bc6 23. Nd6 Bxh1 24. Rxh1 Qc6 25. Rhf1 Qg2+ 26. Rf2 Qxg4+ 27. Kd2 Bxd6 28. exd6 axb3 29. Qxb3 Rdb8 30. Qc3 Nf3+ 31. Kc2 Qg6+ 32. Kc1 Qg1+ 33. Kc2 Rxa2+ 34. Rxa2 Qb1# 0-1


[Site "https://www.chess.com"]

[Event "Titled Tuesday Blitz May 10 Late 2022"]
[White "Melikyan, Gnel"]
[Black "Gaisinsky, Adam"]
[WhiteFideId "54109990"]
[BlackFideId "2620561"]
[WhiteElo "1772"]
[BlackElo "1965"]
[Result "1-0"]
[Round "01"]
[TimeControl "180+1"]
[Date "2022.05.11"]
[WhiteClock "0:00:34"]
[BlackClock "0:00:01"]

1. e4 e5 2. Nf3 Nc6 3. d4 exd4 4. Nxd4 Nf6 5. Nxc6 bxc6 6. e5 Qe7 7. Qe2 Nd5 8. c4 Ba6 9. b3 g6 10. g3 Bg7 11. Bb2 O-O 12. Bg2 Rae8 13. O-O Bxe5 14. Qxe5 Qxe5 15. Bxe5 Rxe5 16. cxd5 Bxf1 17. Kxf1 Rfe8 18. Nc3 cxd5 19. Nxd5 Kg7 20. Nxc7 Rc8 21. Nd5 Rc2 22. Ne3 Rc7 23. Nc4 Rec5 24. Rd1 Kf6 25. Bd5 a5 26. Rd4 g5 27. Kg2 a4 28. Ne3 axb3 29. Bxb3 Ra7 30. Rd6+ Kg7 31. g4 Rac7 32. Nf5+ Kf8 33. Rh6 Re5 34. Rxh7 Kg8 35. Rxf7 Rc4 1-0


[Site "https://www.chess.com"]

[Event "Titled Tuesday Blitz May 10 Late 2022"]
[White "Miszler, Levente"]
[Black "Bashirli, Nail"]
[WhiteFideId "763276"]
[BlackFideId "13406809"]
[WhiteElo "1966"]
[BlackElo "2333"]
[Result "0-1"]
[Round "01"]
[TimeControl "180+1"]
[Date "2022.05.11"]
[WhiteClock "0:00:57"]
[BlackClock "0:00:19"]

1. Nf3 b6 2. c4 Bb7 3. e3 Nf6 4. b3 g6 5. Bb2 Bg7 6. d3 O-O 7. Nbd2 d5 8. Be2 c5 9. O-O Nc6 10. Re1 Qd6 11. d4 Rfd8 12. Qc2 Rac8 13. Rac1 dxc4 14. Nxc4 Qd5 15. dxc5 Qxc5 16. Qb1 Qh5 17. h3 Nb4 18. Qa1 Nd3 19. Bxd3 Rxd3 20. Nce5 Rdd8 21. Ng4 Bxf3 22. Nxf6+ exf6 23. gxf3 Qxf3 24. Rxc8 Rxc8 25. Qd1 Qxh3 26. Qd4 h5 27. Rd1 Kh7 28. Qf4 Rc5 29. Bxf6 Rf5 30. Qh4 Qf3 31. Bxg7 Qxd1+ 0-1


[Site "https://www.chess.com"]

[Event "Titled Tuesday Blitz May 10 Late 2022"]
[White "Moral Garcia, Serafin"]
[Black "Yuan, Qingyu"]
[WhiteFideId "2201925"]
[BlackFideId "8609772"]
[WhiteElo "2228"]
[BlackElo "2359"]
[Result "0-1"]
[Round "01"]
[TimeControl "180+1"]
[Date "2022.05.10"]
[WhiteClock "0:01:50"]
[BlackClock "0:01:26"]

1. e4 c6 2. d4 d5 3. exd5 cxd5 4. c4 Nf6 5. Nc3 Nc6 6. Bg5 dxc4 7. Bxc4 e6 8. Nf3 Be7 9. O-O O-O 10. Re1 a6 11. Bb3 b5 12. Qd3 Bb7 13. a3 Rc8 14. Bc2 g6 15. Bh6 Re8 16. Bb3 Na5 17. Ba2 Nc4 18. Bxc4 Rxc4 19. Rad1 Bxf3 20. gxf3 Nd5 21. Ne4 Qc7 22. Rc1 Rc8 23. b3 Rxc1 24. Rxc1 Qxc1+ 0-1


[Site "https://www.chess.com"]

[Event "Titled Tuesday Blitz May 10 Late 2022"]
[White "Mortazavi, Ali"]
[Black "Boruchovsky, Avital"]
[WhiteFideId "401323"]
[BlackFideId "2800055"]
[WhiteElo "2339"]
[BlackElo "2469"]
[Result "1-0"]
[Round "01"]
[TimeControl "180+1"]
[Date "2022.05.11"]
[WhiteClock "0:00:22"]
[BlackClock "0:00:15"]

1. Nf3 d5 2. g3 Nd7 3. Bg2 e5 4. d3 Bd6 5. O-O Ngf6 6. Nc3 c6 7. e4 O-O 8. Nh4 Nb6 9. a4 Bg4 10. Qe1 a5 11. exd5 cxd5 12. Nb5 Bb8 13. h3 Be6 14. c3 Qd7 15. Kh2 Nxa4 16. Na3 Nc5 17. Qd1 h6 18. Re1 Rd8 19. Be3 d4 20. cxd4 exd4 21. Bd2 Nb3 22. Rb1 Ra6 23. Nc4 Nxd2 24. Qxd2 Bd5 25. Nxa5 b5 26. b4 Bxg2 27. Nxg2 Nd5 28. Nb3 Nc3 29. Nc5 Nxb1 30. Rxb1 Qd6 31. Nxa6 Qxa6 32. Qe2 Qe6 33. Qf3 Bd6 34. Re1 Qb3 35. Nh4 Bxb4 36. Re5 Bd6 37. Re4 b4 38. Nf5 Bf8 39. Nxh6+ gxh6 40. Rg4+ Bg7 41. Qf6 Kf8 42. Qxd8# 1-0


[Site "https://www.chess.com"]

[Event "Titled Tuesday Blitz May 10 Late 2022"]
[White "Muradov, Soltan"]
[Black "Khripachenko, Alexander"]
[WhiteFideId "14002108"]
[BlackFideId "54184975"]
[WhiteElo "1854"]
[BlackElo "2138"]
[Result "0-1"]
[Round "01"]
[TimeControl "180+1"]
[Date "2022.05.11"]
[WhiteClock "0:00:37"]
[BlackClock "0:02:19"]

1. d4 Nf6 2. Nf3 g6 3. Bg5 Bg7 4. Nbd2 O-O 5. e3 c5 6. c3 d6 7. Bd3 b6 8. Qe2 Bb7 9. O-O-O Nc6 10. Kb1 Rc8 11. h4 h6 12. Bxf6 exf6 13. g4 cxd4 14. exd4 Re8 15. Qf1 Ne7 16. Rg1 Nd5 17. Bb5 Re7 18. Ba6 Qc7 19. Bxb7 Qxb7 20. Ne1 b5 21. Nd3 a5 22. Qg2 Re2 23. Rge1 Rxd2 24. Rxd2 Nxc3+ 25. bxc3 Qxg2 26. Kb2 Qxg4 27. Re3 b4 28. Rc2 f5 0-1


[Site "https://www.chess.com"]

[Event "Titled Tuesday Blitz May 10 Late 2022"]
[White "Nagy, Gabor"]
[Black "Nilsen, Tobias Lang"]
[WhiteFideId "737119"]
[BlackFideId "1521624"]
[WhiteElo "2569"]
[BlackElo "2014"]
[Result "1-0"]
[Round "01"]
[TimeControl "180+1"]
[Date "2022.05.11"]
[WhiteClock "0:01:02"]
[BlackClock "0:00:24"]

1. e4 c5 2. Nf3 e6 3. d4 cxd4 4. Nxd4 Nc6 5. Nc3 Qc7 6. Be3 a6 7. Qf3 d6 8. O-O-O Bd7 9. g4 b5 10. Kb1 Rc8 11. Nxc6 Bxc6 12. Bd3 Nf6 13. Qg2 b4 14. Ne2 Nd7 15. Nd4 Nc5 16. f4 Be7 17. g5 a5 18. f5 b3 19. axb3 a4 20. Nxc6 Qxc6 21. Bxc5 dxc5 22. g6 fxg6 23. fxe6 O-O 24. Bc4 axb3 25. cxb3 Kh8 26. Rd7 Bf6 27. Rhd1 Bd4 28. R7xd4 cxd4 29. Rxd4 Qb6 30. Qd2 Rxc4 31. bxc4 Qxe6 32. b3 h6 33. Kb2 Rf1 34. c5 Qf6 35. Qc3 Rf2+ 36. Ka3 Qa6+ 37. Ra4 Qc6 38. Ra7 Rf6 39. h4 Kh7 40. Qd4 h5 41. Qd5 Qb5 42. Ra8 Ra6+ 43. Rxa6 Qxa6+ 44. Kb4 Kh6 45. c6 Qb6+ 46. Kc4 Qc7 47. b4 Qc8 48. b5 Qc7 49. Kb4 Qe7+ 50. Kb3 Qc7 51. e5 Qb6 52. Kc4 Qe3 53. e6 Qc1+ 54. Kd4 Qd2+ 55. Kc5 Qc3+ 56. Kd6 Qb4+ 57. Kd7 Qf8 58. e7 Qg8 59. Qxg8 g5 60. e8=Q gxh4 61. c7 Kg5 62. c8=Q Kg4 63. Qxg7+ Kh3 64. Kd6+ Kh2 65. b6 h3 66. b7 h4 67. b8=Q Kh1 68. Qbb2 h2 69. Qa8# 1-0


[Site "https://www.chess.com"]

[Event "Titled Tuesday Blitz May 10 Late 2022"]
[White "Nakamura, Hikaru"]
[Black "Lewicki, Miroslaw"]
[WhiteFideId "2016192"]
[BlackFideId "1113380"]
[WhiteElo "2850"]
[BlackElo "2283"]
[Result "1-0"]
[Round "01"]
[TimeControl "180+1"]
[Date "2022.05.10"]
[WhiteClock "0:02:07"]
[BlackClock "0:01:21"]

1. Nf3 Nf6 2. b3 e6 3. Bb2 d5 4. e3 c5 5. d4 Nc6 6. Bd3 Be7 7. O-O O-O 8. dxc5 Bxc5 9. a3 Qe7 10. Nbd2 e5 11. e4 dxe4 12. Nxe4 Nxe4 13. Bxe4 Bg4 14. Re1 Rad8 15. Qc1 Bxf3 16. Bxf3 Nd4 17. Bd1 Qf6 18. Rf1 Qg6 19. b4 Bb6 20. c4 e4 21. c5 Nf3+ 22. Bxf3 exf3 23. g3 Qh5 24. Qc3 1-0


[Site "https://www.chess.com"]